UAA
FT. POLK SOUTH THUNDER HAWKS @ LEUPP ARROWHEADS
08/21/2017
 
TOP OF THE 1ST
Ft. Polk South Thunder Hawks batting - Pitching for Leupp Arrowheads : RHP Jim Unknown
Pitching: RHP Jim Unknown
Batting: RHB Dave O'Day 0-0: Ball
1-0: Foul Ball, location: 2F
1-1: Foul Ball, location: 2F
1-2: Foul Ball, location: 2F
1-2: Ball
2-2: Strikes out looking
Batting: LHB Guomez Nabeiro 0-0: Foul Ball, location: 2F
0-1: Ball
1-1: Ball
2-1: Ball
3-1: Base on Balls
Batting: RHB Dave Farr 0-0: Fly out, F3 (Popup, 34)
Batting: LHB José López 0-0: Ball
1-0: Ball
Guomez Nabeiro is caught stealing 2nd base
Top of the 1st over - 0 run(s), 0 hit(s), 0 error(s), 0 left on base; Ft. Polk South 0 - Leupp 0
BOTTOM OF THE 1ST
Leupp Arrowheads batting - Pitching for Ft. Polk South Thunder Hawks : RHP Matt Harris
Pitching: RHP Matt Harris
Batting: SHB Alan Manor 0-0: Ball
1-0: Ball
2-0: SINGLE (Flyball, 8LS)
Batting: RHB Kelly Reed 0-0: Called Strike
0-1: Fly out, F7 (Line Drive, 7S)
Batting: SHB Juan Gil 0-0: Called Strike
0-1: Reached on error, E3 (Groundball, 3)
Alan Manor to second
Batting: RHB Nick Hatfield 0-0: Foul Ball, location: 2F
0-1: Foul Ball, location: 2F
0-2: Ball
1-2: Strikes out swinging
Batting: RHB Brent Burgess 0-0: Called Strike
0-1: Called Strike
0-2: 3-RUN HOME RUN (Line Drive, 9D), Distance : 356 ft
Batting: LHB Horace Ritchie 0-0: Fly out, F9 (Line Drive, 9M)
Bottom of the 1st over - 3 run(s), 2 hit(s), 1 error(s), 0 left on base; Ft. Polk South 0 - Leupp 3
TOP OF THE 2ND
Ft. Polk South Thunder Hawks batting - Pitching for Leupp Arrowheads : RHP Jim Unknown
Batting: LHB José López 0-0: DOUBLE (Flyball, 78XD)
Batting: RHB Román Centena 0-0: Called Strike
0-1: Called Strike
0-2: Fly out, F8 (Flyball, 8LM)
Runner from 2nd tags up, SAFE at 3rd with throw
Batting: RHB Orlando Jiménez 0-0: Ball
1-0: Called Strike
1-1: Called Strike
1-2: Foul Ball, location: 2F
1-2: Strikes out swinging
Batting: RHB Héctor Villarreal 0-0: Ball
1-0: Foul Ball, location: 2F
1-1: Foul Ball, location: 2F
1-2: SINGLE (Line Drive, 8LS)
José López scores
Batting: RHB Joe Murray 0-0: Called Strike
0-1: Foul Ball, location: 2F
0-2: Ball
1-2: Fly out, F7 (Flyball, 78XD)
Top of the 2nd over - 1 run(s), 2 hit(s), 0 error(s), 1 left on base; Ft. Polk South 1 - Leupp 3
BOTTOM OF THE 2ND
Leupp Arrowheads batting - Pitching for Ft. Polk South Thunder Hawks : RHP Matt Harris
Batting: RHB Keith Best 0-0: Foul Ball, location: 2F
0-1: Ball
1-1: Bunt missed!
1-2: Ball
2-2: Fly out, F6 (Popup, 6MD)
Batting: RHB Alberto Taváres 0-0: Ground out 4-3 (Groundball, 4M)
Batting: RHB Jim Unknown 0-0: Ball
1-0: Fly out, F7 (Flyball, 8LS)
Bottom of the 2nd over - 0 run(s), 0 hit(s), 0 error(s), 0 left on base; Ft. Polk South 1 - Leupp 3
TOP OF THE 3RD
Ft. Polk South Thunder Hawks batting - Pitching for Leupp Arrowheads : RHP Jim Unknown
Batting: RHB Steven Grant 0-0: Ball
1-0: Called Strike
1-1: Fly out, F6 (Popup, 6M)
Batting: RHB Dave O'Day 0-0: Ball
1-0: Ball
2-0: Foul Ball, location: 2F
2-1: Ball
3-1: Foul Ball, location: 2F
3-2: Fly out, F7 (Popup, 78S)
Batting: LHB Guomez Nabeiro 0-0: Ball
1-0: Swinging Strike
1-1: Ball
2-1: Ground out 1-3 (Groundball, 13S)
Top of the 3rd over - 0 run(s), 0 hit(s), 0 error(s), 0 left on base; Ft. Polk South 1 - Leupp 3
BOTTOM OF THE 3RD
Leupp Arrowheads batting - Pitching for Ft. Polk South Thunder Hawks : RHP Matt Harris
Batting: SHB Alan Manor 0-0: SINGLE (Flyball, 8RS)
Batting: RHB Kelly Reed 0-0: Called Strike
0-1: Foul Ball, location: 2F
0-2: SINGLE (Groundball, 34D)
Alan Manor to second
Throwing error, E9
Alan Manor scores
Kelly Reed to second
Batting: SHB Juan Gil 0-0: Called Strike
0-1: Ball
1-1: Ball
2-1: Ball
3-1: Foul Ball, location: 2F
3-2: Base on Balls
Batting: RHB Nick Hatfield 0-0: Called Strike
0-1: Ball
1-1: Ball
2-1: Ball
3-1: SINGLE (Line Drive, 9S)
Kelly Reed to third
Juan Gil to second
Batting: RHB Brent Burgess 0-0: Ball
1-0: Fly out, F9 (Flyball, 9LSF)
Runner from 3rd tags up, SCORES, no throw
Batting: LHB Horace Ritchie 0-0: Called Strike
0-1: Foul Ball, location: 2F
0-2: Ball
1-2: Foul Ball, location: 2F
1-2: Foul Ball, location: 2F
1-2: Ball
2-2: Foul Ball, location: 2F
2-2: SINGLE (Line Drive, 9LS)
Juan Gil to third
Nick Hatfield to second
Runner from 3rd tries for Home, SAFE, no throw or cutoff
Pitching: LHP Grant Woods
Batting: RHB Keith Best 0-0: Ball
1-0: Ball
2-0: Foul Ball, location: 2F
2-1: Ball
3-1: Foul Ball, location: 2F
3-2: SINGLE (Line Drive, 8RS)
Nick Hatfield to third
Horace Ritchie to second
Runner from 3rd tries for Home, SAFE, no throw or cutoff
Batting: RHB Alberto Taváres 0-0: Fly out, F2 (Popup, 2RF)
Batting: RHB Jim Unknown 0-0: Ball
1-0: Fly out, F6 (Popup, 6D)
Bottom of the 3rd over - 4 run(s), 5 hit(s), 1 error(s), 2 left on base; Ft. Polk South 1 - Leupp 7
TOP OF THE 4TH
Ft. Polk South Thunder Hawks batting - Pitching for Leupp Arrowheads : RHP Jim Unknown
Batting: RHB Dave Farr 0-0: Ball
1-0: Called Strike
1-1: Foul Ball, location: 2F
1-2: Ball
2-2: Foul Ball, location: 2F
2-2: Ball
3-2: SINGLE (Flyball, 9LS)
Batting: LHB José López 0-0: Ball
1-0: Foul Ball, location: 2F
1-1: Grounds into double play, 6-4-3 (Groundball, 6)
Batting: RHB Román Centena 0-0: Swinging Strike
0-1: Foul Ball, location: 2F
0-2: Ground out 5-3 (Groundball, 56)
Top of the 4th over - 0 run(s), 1 hit(s), 0 error(s), 0 left on base; Ft. Polk South 1 - Leupp 7
BOTTOM OF THE 4TH
Leupp Arrowheads batting - Pitching for Ft. Polk South Thunder Hawks : LHP Grant Woods
Batting: SHB Alan Manor 0-0: Fly out, F9 (Flyball, 9M)
Batting: RHB Kelly Reed 0-0: Foul Ball, location: 2F
0-1: Ball
1-1: Foul Ball, location: 2F
1-2: Foul Ball, location: 2F
1-2: Strikes out swinging
Batting: SHB Juan Gil 0-0: Ball
1-0: Ball
2-0: Fly out, F9 (Flyball, 9M)
Bottom of the 4th over - 0 run(s), 0 hit(s), 0 error(s), 0 left on base; Ft. Polk South 1 - Leupp 7
TOP OF THE 5TH
Ft. Polk South Thunder Hawks batting - Pitching for Leupp Arrowheads : RHP Jim Unknown
Batting: RHB Orlando Jiménez 0-0: Called Strike
0-1: Foul Ball, location: 2F
0-2: Strikes out swinging
Batting: RHB Héctor Villarreal 0-0: Ball
1-0: Ball
2-0: Ball
3-0: Called Strike
3-1: Base on Balls
Batting: RHB Joe Murray 0-0: Swinging Strike
0-1: Called Strike
0-2: Strikes out swinging
Batting: RHB Steven Grant 0-0: Foul Ball, location: 2F
0-1: Swinging Strike
0-2: Ground out 5-3 (Groundball, 5L)
Top of the 5th over - 0 run(s), 0 hit(s), 0 error(s), 1 left on base; Ft. Polk South 1 - Leupp 7
BOTTOM OF THE 5TH
Leupp Arrowheads batting - Pitching for Ft. Polk South Thunder Hawks : LHP Grant Woods
Batting: RHB Nick Hatfield 0-0: Ball
1-0: Called Strike
1-1: Ball
2-1: Foul Ball, location: 2F
2-2: Foul Ball, location: 2F
2-2: Foul Ball, location: 2F
2-2: Ball
3-2: Foul Ball, location: 2F
3-2: Strikes out swinging
Batting: RHB Brent Burgess 0-0: Ball
1-0: Called Strike
1-1: Foul Ball, location: 2F
1-2: Foul Ball, location: 2F
1-2: Fly out, F8 (Flyball, 8RM)
Batting: LHB Horace Ritchie 0-0: Called Strike
0-1: Ground out 6-3 (Groundball, 6M)
Bottom of the 5th over - 0 run(s), 0 hit(s), 0 error(s), 0 left on base; Ft. Polk South 1 - Leupp 7
TOP OF THE 6TH
Ft. Polk South Thunder Hawks batting - Pitching for Leupp Arrowheads : RHP Jim Unknown
Batting: RHB Dave O'Day 0-0: Called Strike
0-1: Swinging Strike
0-2: Strikes out swinging
Batting: LHB Guomez Nabeiro 0-0: Ball
1-0: Called Strike
1-1: Called Strike
1-2: Ground out U3 (Groundball, 3)
Batting: RHB Dave Farr 0-0: Called Strike
0-1: Ball
1-1: Called Strike
1-2: Ball
2-2: Foul Ball, location: 2F
2-2: Ball
3-2: Base on Balls
Batting: LHB José López 0-0: Called Strike
0-1: Foul Ball, location: 2F
0-2: Strikes out swinging
Top of the 6th over - 0 run(s), 0 hit(s), 0 error(s), 1 left on base; Ft. Polk South 1 - Leupp 7
BOTTOM OF THE 6TH
Leupp Arrowheads batting - Pitching for Ft. Polk South Thunder Hawks : LHP Grant Woods
Batting: RHB Keith Best 0-0: Foul Ball, location: 2F
0-1: Swinging Strike
0-2: Foul Ball, location: 2F
0-2: DOUBLE (Flyball, 78XD)
Batting: RHB Alberto Taváres 0-0: Ball
1-0: Foul Ball, location: 2F
Reached via error on a dropped throw, E3
Keith Best to third
Batting: RHB Jim Unknown 0-0: Ball
1-0: DOUBLE (Line Drive, 7LM)
Keith Best scores
Alberto Taváres to third
Runner from 3rd tries for Home, throw and OUT!
Jim Unknown to third
Batting: SHB Alan Manor 0-0: Called Strike
0-1: Ball
1-1: Ball
2-1: Ground out 1-3 (Groundball, 13S)
Batting: RHB Kelly Reed 0-0: Fly out, F8 (Flyball, 8LD)
Bottom of the 6th over - 1 run(s), 2 hit(s), 1 error(s), 1 left on base; Ft. Polk South 1 - Leupp 8
TOP OF THE 7TH
Ft. Polk South Thunder Hawks batting - Pitching for Leupp Arrowheads : RHP Jim Unknown
Batting: RHB Román Centena 0-0: Foul Ball, location: 2F
0-1: Ball
1-1: Ball
2-1: Ball
3-1: Foul Ball, location: 2F
3-2: Foul Ball, location: 2F
3-2: Foul Ball, location: 2F
3-2: Foul Ball, location: 2F
3-2: Ground out 5-3 (Groundball, 5L)
Batting: RHB Orlando Jiménez 0-0: Ball
1-0: Ball
2-0: Called Strike
2-1: SOLO HOME RUN (Flyball, 7D), Distance : 367 ft
Batting: RHB Héctor Villarreal 0-0: SINGLE (Groundball, 6M)
Batting: RHB Joe Murray 0-0: Ball
1-0: Swinging Strike
1-1: Ball
2-1: Swinging Strike
2-2: Ball
3-2: SINGLE (Flyball, 78S)
Héctor Villarreal to second
Pitching: LHP Matt Wilder
Batting: RHB Steven Grant 0-0: SINGLE (Line Drive, 56D)
Héctor Villarreal to third
Joe Murray to second
Batting: RHB Dave O'Day 0-0: Ball
1-0: Called Strike
1-1: Ball
2-1: Ball
3-1: Base on Balls
Héctor Villarreal scores
Joe Murray to third
Steven Grant to second
Batting: LHB Guomez Nabeiro 0-0: Ball
1-0: Called Strike
1-1: Called Strike
1-2: Foul Ball, location: 2F
1-2: Fly out, F9 (Flyball, 9LMF)
1-2: Lined into DP, 9-6 (Flyball, 9LMF)
Top of the 7th over - 2 run(s), 4 hit(s), 0 error(s), 2 left on base; Ft. Polk South 3 - Leupp 8
BOTTOM OF THE 7TH
Leupp Arrowheads batting - Pitching for Ft. Polk South Thunder Hawks : LHP Grant Woods
Pitching: RHP Dean Hill
Batting: SHB Juan Gil 0-0: Ground out 4-3 (Groundball, 4)
Batting: RHB Nick Hatfield 0-0: Ball
1-0: Called Strike
1-1: Ball
2-1: Ground out 6-3 (Groundball, 6)
Batting: RHB Brent Burgess 0-0: Ball
1-0: Ball
2-0: Ball
3-0: Base on Balls
Batting: LHB Horace Ritchie 0-0: Called Strike
0-1: SINGLE (Line Drive, 89M)
Brent Burgess to second
Batting: RHB Keith Best 0-0: Ball
1-0: Ball
2-0: Ground out 6-3 (Groundball, 6)
Bottom of the 7th over - 0 run(s), 1 hit(s), 0 error(s), 2 left on base; Ft. Polk South 3 - Leupp 8
TOP OF THE 8TH
Ft. Polk South Thunder Hawks batting - Pitching for Leupp Arrowheads : LHP Matt Wilder
Batting: RHB Dave Farr 0-0: Ball
1-0: Swinging Strike
1-1: Foul Ball, location: 2F
1-2: Strikes out swinging
Batting: LHB José López 0-0: Ball
1-0: Called Strike
1-1: SINGLE (Groundball, 6MD)
Batting: RHB Román Centena 0-0: Foul Ball, location: 2F
0-1: Ball
1-1: Foul Ball, location: 2F
1-2: Strikes out swinging
Batting: RHB Orlando Jiménez 0-0: Ball
1-0: Swinging Strike
1-1: Foul Ball, location: 2F
1-2: Strikes out swinging
Top of the 8th over - 0 run(s), 1 hit(s), 0 error(s), 1 left on base; Ft. Polk South 3 - Leupp 8
BOTTOM OF THE 8TH
Leupp Arrowheads batting - Pitching for Ft. Polk South Thunder Hawks : RHP Dean Hill
Batting: RHB Alberto Taváres 0-0: Foul Ball, location: 2F
0-1: Ball
1-1: Ball
2-1: Called Strike
2-2: Ground out 6-3 (Groundball, 6)
Batting: RHB Jim Unknown 0-0: Ball
1-0: Called Strike
1-1: Swinging Strike
1-2: Foul Ball, location: 2F
1-2: Ball
2-2: Ball
3-2: Base on Balls
Batting: SHB Alan Manor 0-0: Ball
1-0: Swinging Strike
1-1: Ball
2-1: Ball
3-1: Base on Balls
Jim Unknown to second
Batting: RHB Kelly Reed 0-0: Called Strike
0-1: Fly out, F6 (Line Drive, 6)
0-1: Lined into DP, 6-4 (Line Drive, 6)
Bottom of the 8th over - 0 run(s), 0 hit(s), 0 error(s), 1 left on base; Ft. Polk South 3 - Leupp 8
TOP OF THE 9TH
Ft. Polk South Thunder Hawks batting - Pitching for Leupp Arrowheads : LHP Matt Wilder
Batting: RHB Héctor Villarreal 0-0: Swinging Strike
0-1: Called Strike
0-2: Strikes out swinging
Batting: RHB Joe Murray 0-0: Ball
1-0: Ball
2-0: Called Strike
2-1: Fly out, F3 (Popup, 34S)
Batting: RHB Steven Grant 0-0: Called Strike
0-1: Ball
1-1: Ball
2-1: Swinging Strike
2-2: Foul Ball, location: 2F
2-2: Foul Ball, location: 2F
2-2: Strikes out swinging
Top of the 9th over - 0 run(s), 0 hit(s), 0 error(s), 0 left on base; Ft. Polk South 3 - Leupp 8
This league is powered by Out of the Park Baseball, the baseball management simulation game for PC, Mac and Linux
Saturday, February 27th, 2021 - OOTP Baseball 15.6 Build 34